woodfighter, chaotic female human Priestess --------- |.......| ---- |.......| 4 55. |..._...| 4---------..- ------ |.......| |.......|...-- --...... | |.......| | |.....V.|5...---........ |. ----[---- .| |..@@.@.+4....+.......... |......[......| |.......|.4..---...%..... ---.........--- |....@..|...-- --...%...- -----$----- 5---------..- ----|---- -..%%...- 5 4 4.. |./.------- ......... ------- ---- |....%....| ......... |...... -------...--.........--...- |....--.......--....| ---...----+----...--- |........%......| ----------------- woodfighter the High Priestess Experience level: 30 Strength: 25 Dexterity: 18 Constitution: 19 Intelligence: 19 Wisdom: 15 Charisma: 11 Health: 179(214) Energy: 324(324) Def: 63 Gold: 0 Moves: 44429 Dungeon seed: UpZE-dQAEzZX98KF Game ID: woodfighter_1579241870 Your Inventory: Amulets U - a blessed rustproof amulet of flying (being worn) Weapons a - the blessed +7 Sceptre of Might (weapon in hand) K - 2 blessed +6 dwarvish spears (in quiver) Armor i - a blessed +5 T-shirt (being worn) n - a blessed +5 shield of reflection (being worn) z - a blessed rustproof +4 pair of gauntlets of power (being worn) N - a blessed fireproof +4 cloak of protection (being worn) O - a blessed thoroughly rusty corroded +5 dwarvish iron helm (being worn) X - a blessed thoroughly burnt +4 pair of speed boots (being worn) Y - a blessed +4 gray dragon scale mail (being worn) Comestibles Z - a blessed lizard corpse Potions V - 2 blessed potions of full healing Rings A - a blessed ring of regeneration (on right hand) P - a blessed ring of free action (on left hand) Wands f - a blessed wand of teleportation (0:7) g - a blessed wand of fire (0:4) h - a blessed wand of death (0:2) Tools b - a blessed stethoscope q - a +0 unicorn horn s - a blessed bag of holding y - a skeleton key H - a blessed magic lamp (lit) W - a blessed towel Gems G - a blessed luckstone Contents of the bag of holding: 19040 gold pieces an amulet of ESP an amulet of ESP a cursed amulet of change a blessed rusty amulet of life saving an amulet of life saving an amulet of life saving an amulet of life saving an amulet of life saving an amulet of life saving a cursed amulet of life saving an amulet of magical breathing an amulet of reflection an amulet versus poison a [+0] dagger named Valerian 2 blessed +4 dwarvish spears a cursed [-2] elven broadsword named Orcrist a blessed [+4] long sword named Demonbane a blessed +4 silver spear a cursed -5 helm of opposite alignment a blessed +1 mummy wrapping a blessed +0 robe 21 blessed K-rations 12 blessed eggs a blessed eucalyptus leaf 2 lembas wafers 4 blessed lizard corpses 7 blessed sprigs of wolfsbane 11 blessed scrolls of blank paper 3 cursed scrolls of blank paper a blessed scroll of charging 2 blessed scrolls of gold detection 6 blessed scrolls of remove curse 2 blessed scrolls of wishing 4 blessed potions of confusion 16 blessed potions of full healing a potion of full healing 9 potions of holy water 2 blessed potions of oil 3 potions of unholy water a ring of free action a ring of regeneration a blessed wand of death (0:5) a blessed wand of death (0:1) a wand of death [0:7] a blessed wand of digging (0:7) a blessed wand of digging (0:6) a blessed wand of fire (0:4) a blessed wand of secret door detection (0:13) a wand of speed monster (0:4) a blessed wand of teleportation (0:6) a blessed can of grease (0:1) a fireproof magic marker (0:39) a blessed magic whistle a blessed +0 pick-axe a blessed +0 unicorn horn a blessed +0 unicorn horn a blessed +0 unicorn horn a blessed +0 unicorn horn 3 diamonds 9 emeralds 5 rubies Spells and supernatural/magical abilities: Name Level Category Fail Memory a - force bolt 1* attack 100% 0% d - dig 2 matter 100% 95% e - charm monster 5 enchantment 100% 18% h - healing 1 healing 99% 95% j - jumping 1* escape 100% 0% k - knock 1 matter 100% 95% l - light 1* divination 100% 0% m - magic missile 2 attack 100% 57% n - detect monsters 1* divination 100% 0% p - protection 1* clerical 100% 0% r - remove curse 3 clerical 65% 95% u - confuse monster 2* enchantment 100% 0% w - wizard lock 2 matter 100% 95% x - extra healing 3 healing 100% 95% E - detect food 2 divination 100% 8% I - identify 3 divination 100% 95% K - cure sickness 3 healing 100% 95% W - pray for help -- divine ? -- X - turn undead -- divine ? -- Your skills at the end: Miscellaneous Skills shield [Expert] wands [Expert] Weapon Skills mace [Expert] spear [Skilled] Spellcasting Skills clerical spells [Skilled] Final Attributes: You were piously aligned. You were fire resistant. You were cold resistant. You were sleep resistant. You were disintegration-resistant. You were shock resistant. You were poison resistant. You were level-drain resistant. You were magic-protected. You saw invisible. You were telepathic. You were warned. You were somewhat stealthy. You could fly. You regenerated. You were protected. You were very fast. You had reflection. You had free action. You were extremely lucky. You had extra luck. Good luck did not time out for you. You survived. Vanquished creatures: Asmodeus Orcus Yeenoghu Juiblex The Wizard of Yendor (twice) Death Famine 4 arch-liches a high priest 5 mammoths Vlad the Impaler Medusa Croesus 20 krakens 5 elder red dragons 5 iron golems 6 master liches 3 gray dragons 3 silver dragons 13 red dragons 6 white dragons an orange dragon 7 black dragons 6 blue dragons a yellow dragon 4 storm giants 2 titans 14 deep ettins 2 glass golems 10 balrogs Nalzok 8 purple worms 15 minotaurs 10 jabberwocks 8 baluchitheria 3 Angels 2 young gray dragons 2 young silver dragons 9 young red dragons 8 young white dragons a young orange dragon 4 young black dragons 8 young blue dragons 2 young green dragons a young yellow dragon 48 demiliches 10 stone golems 3 master mind flayers 25 Olog-hai 4 Nazgul 30 pit fiends 28 sandestins 6 hell hounds 9 titanotheres 7 trappers a baby silver dragon 48 baby red dragons 3 baby black dragons 5 gryphons 8 guardian nagas 7 disenchanters 36 vampire lords 20 shades 5 skeletons 5 aligned priests 9 captains 58 liches a water troll 8 clay golems 20 nurses 20 ice devils 11 nalfeshnees 12 lurkers above 4 frost giants 10 golden nagas 7 black puddings 39 vampires 101 ghosts 6 ettins 12 lieutenants a barbarian a monk a queen bee 10 winged gargoyles 7 giant mimics 5 fire giants 5 ogre kings 7 Elvenkings 5 ice trolls 24 rock trolls 18 umber hulks 11 flesh golems 12 doppelgangers 25 hezrous 41 bone devils 13 salamanders 11 large mimics 6 wumpuses a fire vortex a baby long worm 12 long worms 4 couatls 13 stalkers 2 air elementals 16 fire elementals 2 earth elementals 2 water elementals 4 hill giants 4 giant mummies 8 black nagas 12 elf-lords 12 xorns 30 giant zombies 28 sergeants a water demon 2 barbed devils 35 vrocks 19 wargs 3 winter wolves 12 hell hound pups 4 quantum mechanics 17 small mimics 11 island nymphs 4 glass piercers 10 warhorses a steam vortex 16 xans 7 ettin mummies 4 ogre lords 74 trolls 2 wood golems an erinys 14 mariliths a djinni 6 sharks 8 electric eels 4 pyrolisks a freezing sphere 11 flaming spheres 4 shocking spheres 5 large cats 7 tigers 9 gargoyles 3 dwarf kings 6 tengu 7 gelatinous cubes 8 ochre jellies 4 crocodiles 11 chameleons 14 leocrottas 5 energy vortices 4 mountain centaurs 4 giants 5 elf mummies 4 human mummies 19 red nagas 11 green slimes 3 Grey-elves 5 pit vipers 14 pythons 5 cobras 140 wraiths 28 ettin zombies 3 leather golems 86 soldiers 3 horned devils 12 succubi 15 incubi 10 giant beetles 31 cockatrices 16 wolves 3 winter wolf cubs 10 black lights a lynx 4 panthers a gremlin 15 leprechauns 6 quivering blobs 2 spotted jellies 10 lizards 8 mountain nymphs 3 orc-captains 2 mumakil 8 giant spiders 9 scorpions 6 iron piercers 6 horses 3 ice vortices 12 vampire bats 3 forest centaurs 6 gnome kings 6 orc mummies a dwarf mummy 5 ogres 4 brown puddings a Green-elf 11 rust monsters 8 owlbears 9 yetis 2 werewolves 9 piranhas 15 giant eels 6 chickatrices 4 dogs 3 dingos 2 housecats 2 jaguars 7 dwarf lords 9 blue jellies 16 water nymphs 5 white unicorns 7 gray unicorns 9 dust vortices 8 ravens 7 plains centaurs 2 gnome mummies a Woodland-elf 8 snakes 9 water moccasins 7 apes 119 human zombies 3 rope golems 10 soldier ants 4 fire ants 19 yellow lights 24 bugbears 2 imps a baby crocodile 6 wood nymphs 14 Mordor orcs 28 Uruk-hai 9 orc shamans 7 rock moles 8 rock piercers 5 ponies 3 fog clouds 2 shriekers 4 violet fungi 20 gnome lords 10 gnomish wizards 3 kobold mummies 10 gray oozes 6 barrow wights 33 elf zombies 35 ghouls 2 straw golems a paper golem 8 jellyfish 7 giant ants 2 puppies 11 floating eyes 4 kittens 24 dwarves a kobold lord 5 kobold shamans 11 iguanas 28 hill orcs 3 rothes 3 rabid rats 4 centipedes 6 jitterbugs 3 giant bats 7 monkeys 36 orc zombies 36 dwarf zombies 2 wererats 4 werejackals 27 killer bees 11 coyotes 3 gas spores 6 hobbits 4 acid blobs 4 large kobolds 7 geckos 24 hobgoblins a giant rat 10 cave spiders a brown mold 7 yellow molds a red mold 66 gnomes 7 garter snakes 16 manes 33 gnome zombies 4 jackals 3 foxes 3 kobolds 8 newts 11 goblins 3 sewer rats 10 grid bugs 2 bats 9 lichens 28 kobold zombies 3163 creatures vanquished. Genocided or extinct species: hobbits dwarves bugbears dwarf lords dwarf kings quantum mechanics mind flayers master mind flayers wood nymphs water nymphs mountain nymphs island nymphs liches demiliches master liches arch-liches rust monsters disenchanters wraiths (extinct) human zombies (extinct) jellyfish piranhas sharks giant eels electric eels krakens 24 species genocided. 2 species extinct. Voluntary challenges: You did not cause conflict. You were not displaced. You had been an atheist until turn 1883. You used a wielded weapon 7974 times, starting on turn 2. You did not use sinks. You read items or engraved 184 times, starting on turn 15747. You genocided 24 types of monsters, starting on turn 35906. You never polymorphed an object. You changed form 1 time, starting on turn 12356. You completed Sokoban on turn 5597, according to the rules. You used 3 wishes, starting on turn 32291. You did not wish for any artifacts. You split 2 puddings, starting on turn 30732. You never wrote Elbereth's name. You violated your moral code, losing 8 points of alignment, starting on turn 31925. Dungeon overview: The Dungeons of Doom: levels 1 to 29 Level 1 an altar to Mercury, a magic chest stairs to The Elemental Planes Level 2 a general store Level 3 stairs to The Gnomish Mines Level 4 a sink Level 5 (water + vault) a sink Level 6 (vault) Level 7 (leprechauns) Level 8 Level 9 a weapon shop stairs to Sokoban Level 10 Level 11 Level 12 Level 13 (black unicorn) Level 14 portal to Fort Ludios Level 15 (water + quest) some sinks portal to The Quest Level 16 (rogue) Level 17 Level 18 (vault) Level 19 Level 20 an altar to Mars Level 21 (water) a scroll shop Level 22 Level 23 Level 24 (medusa) Level 25 Level 26 Level 27 Level 28 Level 29 a magic chest, some fountains, some trees Gehennom: levels 30 to 58 Level 30 a temple to Moloch, a magic chest stairs to The Dungeons of Doom Level 31 Level 32 an altar to Moloch, a magic chest, many fountains, many benchs, many trees Level 33 Level 34 Level 35 (asmodeus) a magic chest Level 36 Level 37 (juiblex) a fountain Level 38 Level 39 Level 40 (water) Level 41 a magic chest stairs to Vlad's Tower Level 42 (orcus) some shops, an altar to Moloch, a magic chest, some fountains Level 43 Level 44 Level 45 Level 46 Level 47 (wizzard) a magic chest Level 48 Level 49 portal to Gehennom Level 50 Level 51 Level 52 Level 53 Level 54 Level 55 Level 56 portal to Gehennom Level 57 Level 58 The Gnomish Mines: levels 4 to 11 Level 4 stairs to The Dungeons of Doom Level 5 Level 6 Level 7 many shops, a temple to Venus, a magic chest, some fountains Level 8 Level 9 Level 10 Level 11 a magic chest, a fountain The Quest: levels 1 to 5 Level 1 a temple to Moloch, a magic chest portal to The Dungeons of Doom Level 2 Level 3 a temple to Moloch Level 4 Level 5 Sokoban: levels 5 to 8 Level 5 a magic chest Level 6 a sink Level 7 Level 8 a magic chest stairs to The Dungeons of Doom Fort Ludios: Level 1 a magic chest portal to The Dungeons of Doom Vlad's Tower: levels 38 to 40 Level 38 Level 39 an altar to Moloch Level 40 stairs to Gehennom The Elemental Planes: Astral Plane <- You were here some high altars Plane 4 portal to The Elemental Planes Plane 3 portal to The Elemental Planes Plane 2 portal to The Elemental Planes Plane 1 portal to The Elemental Planes History has recorded: On T:1 you entered the Dungeons of Doom to retrieve the Amulet of Yendor! On T:322 you reached level 2 of The Dungeons of Doom. On T:679 you advanced to experience level 2. On T:824 you reached level 3 of The Dungeons of Doom. On T:983 you advanced to experience level 3. On T:1007 you reached level 1 of The Gnomish Mines. On T:1252 you reached level 4 of The Dungeons of Doom. On T:1381 you reached level 5 of The Dungeons of Doom. On T:1437 you advanced to experience level 4. On T:1872 you reached level 6 of The Dungeons of Doom. On T:1883 you prayed to Mars. On T:1990 you advanced to experience level 5. On T:2033 you reached level 7 of The Dungeons of Doom. On T:2305 you reached level 8 of The Dungeons of Doom. On T:2398 you advanced to experience level 6. On T:3035 you reached level 9 of The Dungeons of Doom. On T:3084 you advanced to experience level 7. On T:3282 you reached level 4 of Sokoban. On T:3346 you opened a magic chest. On T:3689 you reached level 3 of Sokoban. On T:4027 you reached level 2 of Sokoban. On T:4634 you reached level 1 of Sokoban. On T:5570 you advanced to experience level 8. On T:5597 you advanced to experience level 9. On T:5597 you entered the Sokoban zoo. On T:6368 you reached level 2 of The Gnomish Mines. On T:6828 you reached level 3 of The Gnomish Mines. On T:6921 you reached level 5 of The Gnomish Mines. On T:7007 you reached level 4 of The Gnomish Mines. On T:7451 you entered the Minetown temple On T:8422 you reached level 6 of The Gnomish Mines. On T:8717 you reached level 7 of The Gnomish Mines. On T:9222 you reached level 8 of The Gnomish Mines. On T:9222 you reached the bottom of the Mines. On T:9493 you advanced to experience level 10. On T:10552 you reached level 10 of The Dungeons of Doom. On T:10870 you reached level 11 of The Dungeons of Doom. On T:11079 you reached level 12 of The Dungeons of Doom. On T:11332 you reached level 13 of The Dungeons of Doom. On T:11538 you reached level 14 of The Dungeons of Doom. On T:12181 you reached Fort Ludios. On T:12231 you reached level 15 of The Dungeons of Doom. On T:12548 you reached level 16 of The Dungeons of Doom. On T:12548 you entered the Rogue tribute level. On T:13220 you reached level 17 of The Dungeons of Doom. On T:13749 you reached level 18 of The Dungeons of Doom. On T:13979 you reached level 19 of The Dungeons of Doom. On T:14019 you advanced to experience level 11. On T:14263 you reached level 20 of The Dungeons of Doom. On T:16302 you reached level 1 of The Quest. On T:16626 you reached level 21 of The Dungeons of Doom. On T:16721 you reached level 22 of The Dungeons of Doom. On T:17012 you reached level 23 of The Dungeons of Doom. On T:18588 you advanced to experience level 12. On T:19495 you killed Croesus in Fort Ludios. On T:22875 you prayed to Mars. On T:22941 you advanced to experience level 13. On T:23044 you reached level 25 of The Dungeons of Doom. On T:23072 you killed Medusa on level 25 of The Dungeons of Doom. On T:23508 you advanced to experience level 14. On T:23706 you embarked upon an epic quest. On T:23726 you reached level 2 of The Quest. On T:23848 you reached level 3 of The Quest. On T:24195 you advanced to experience level 15. On T:24353 you advanced to experience level 16. On T:24547 you advanced to experience level 17. On T:24582 you advanced to experience level 18. On T:25222 you reached level 4 of The Quest. On T:25261 you advanced to experience level 19. On T:25369 you reached level 5 of The Quest. On T:25609 you killed Nalzok on level 5 of The Quest. On T:25987 you completed the quest! On T:26264 you reached level 26 of The Dungeons of Doom. On T:27761 you reached level 27 of The Dungeons of Doom. On T:28259 you reached level 28 of The Dungeons of Doom. On T:29171 you reached The Castle. On T:31246 you reached The Valley of the Dead. On T:31552 you advanced to experience level 20. On T:31957 you advanced to experience level 21. On T:32076 you advanced to experience level 22. On T:32291 you wished for "blessed fixed ring of free action". On T:32356 you reached level 2 of Gehennom. On T:32537 you reached level 3 of Gehennom. On T:32738 you reached level 4 of Gehennom. On T:32930 you reached level 5 of Gehennom. On T:32940 you reached level 7 of Gehennom. On T:33058 you reached level 8 of Gehennom. On T:33062 you reached level 6 of Gehennom. On T:33365 you killed Asmodeus on level 6 of Gehennom. On T:34186 you killed Juiblex on level 8 of Gehennom. On T:34256 you reached level 9 of Gehennom. On T:34535 you reached level 10 of Gehennom. On T:34559 you reached level 11 of Gehennom. On T:35048 you reached level 12 of Gehennom. On T:35210 you reached level 3 of Vlad's Tower. On T:35306 you reached level 2 of Vlad's Tower. On T:35403 you reached level 1 of Vlad's Tower. On T:35535 you killed Vlad the Impaler on level 1 of Vlad's Tower. On T:35621 you killed Yeenoghu on level 12 of Gehennom. On T:35880 you reached level 13 of Gehennom. On T:36492 you reached level 14 of Gehennom. On T:36656 you reached level 15 of Gehennom. On T:36743 you reached level 16 of Gehennom. On T:36954 you reached level 17 of Gehennom. On T:37194 you reached level 18 of Gehennom. On T:37463 you reached level 19 of Gehennom. On T:37566 you reached level 20 of Gehennom. On T:37630 you reached level 21 of Gehennom. On T:37882 you reached level 22 of Gehennom. On T:38207 you reached level 24 of Gehennom. On T:38394 you prayed to Mars. On T:38807 you wished for "blessed fixed amulet of flying". On T:40466 you reached level 23 of Gehennom. On T:40854 you reached level 25 of Gehennom. On T:41425 you reached level 26 of Gehennom. On T:41658 you reached level 27 of Gehennom. On T:41920 you reached level 28 of Gehennom. On T:43327 you advanced to experience level 23. On T:43328 you advanced to experience level 24. On T:43329 you advanced to experience level 25. On T:43329 you advanced to experience level 26. On T:43330 you advanced to experience level 27. On T:43331 you advanced to experience level 28. On T:43331 you advanced to experience level 29. On T:43332 you advanced to experience level 30. On T:43379 you wished for "fixed uncursed magic marker". On T:43417 you killed Wizard of Yendor on level 18 of Gehennom. On T:43517 you performed the invocation. On T:43578 you killed high priestess of Moloch on level 29 of Gehennom. On T:43579 you gained the Amulet of Yendor! On T:44279 you reached the Plane of Earth. On T:44279 you killed Wizard of Yendor on the Plane of Earth. On T:44306 you reached the Plane of Air. On T:44331 you reached the Plane of Fire. On T:44343 you reached the Plane of Water. On T:44372 you reached the Astral Plane. On T:44397 you killed Famine on the Astral Plane. On T:44418 you killed Death on the Astral Plane. On T:44429 you lost the Amulet of Yendor. On T:44429 you offered the Amulet of Yendor to Mars and ascended to the status of Demigoddess! Score breakdown: Gold: 19040 ( 1904 points) Experience: 30 levels ( 2000 points) Exploration: 58 levels ( 2000 points) Discoveries: 180 items ( 2000 points) Variety of kills: 294 monsters ( 2000 points) Major goal: ascended ( 5000 points) Ascension bonuses Valuables value: 54100 ( 2000 points) Artifacts: 4 ( 4000 points) Speed bonus: 44429 turns ( 2778 points) Conduct bonus: 4 conducts ( 6900 points) Survival: ascended (score multiplied by 10) Total score: 305820 Latest messages: The door resists! The door resists! Wang the invisible Arbalester zaps a wand of make invisible! The vampire turns transparent! The high priestess of Mars turns transparent! The door closes. You succeed in locking the door. Wang the invisible Arbalester zaps a wand of make invisible! Your body seems to unfade... The nurse turns transparent! The invisible vampire turns to flee! The invisible nurse turns to flee! You offer the Amulet of Yendor to Mars... An invisible choir sings, and you are bathed in radiance... The voice of Mars booms out: "Congratulations, mortal!" "In return for thy service, I grant thee the gift of Immortality!" You ascend to the status of Demigoddess... Final status: Goodbye woodfighter the Demigoddess, ascended... You went to your reward with 305820 points, The Sceptre of Might (worth 2500 zorkmids) 9 emeralds (worth 22500 zorkmids), 5 rubies (worth 17500 zorkmids), 3 diamonds (worth 12000 zorkmids), 7 amulets of life saving (worth 1050 zorkmids), 2 amulets of ESP (worth 300 zorkmids), 1 amulet versus poison (worth 150 zorkmids), 1 amulet of change (worth 150 zorkmids), 1 amulet of reflection (worth 150 zorkmids), 1 amulet of flying (worth 150 zorkmids), 1 amulet of magical breathing (worth 150 zorkmids), and 19040 pieces of gold, after 44429 moves. You were level 30 with a maximum of 214 hit points when you ascended.